 Dungeon Crawl Stone Soup version 0.29.1-12-g30fa7ad0bf (webtiles) character file.

Game seed: 2765127344936874352

4519 cheesebisquit the Severer (level 10, -1/79 HPs)
             Began as a Minotaur Berserker on Jan 3, 2023.
             Was a Priest of Trog.
             Slain by an orc priest
             ... wielding the +0 bardiche "Beetlebane" {vorpal, *Rage rCorr Int-5 Dex+5}
              (3 damage)
             ... on level 8 of the Dungeon.
             The game lasted 00:36:53 (8894 turns).

cheesebisquit the Severer (Minotaur Berserker)      Turns: 8894, Time: 00:36:54

Health: -1/79      AC: 12    Str: 26    XL:     10   Next: 17%
Magic:  9/9        EV: 13    Int:  4    God:    Trog [***...]
Gold:   525        SH:  0    Dex: 16    Spells: 9/9 levels left

rFire   . . .      SeeInvis .   L - +0 war axe (freeze)
rCold   . . .      Faith    .   (no shield)
rNeg    . . .      Spirit   .   f - +0 chain mail
rPois   .          Reflect  .   (helmet restricted)
rElec   .          Harm     .   a - +0 cloak
rCorr   .          Rampage  .   B - +1 pair of gloves
Will    .....                   (no boots)
Stlth   ..........              g - amulet of magic regeneration
HPRegen 0.23/turn               n - +6 ring of dexterity
MPRegen 0.51/turn               s - +4 ring of evasion

@: about to teleport, on berserk cooldown, slowed, very slow
A: horns 2, retaliatory headbutt
a: Renounce Religion, Berserk, Trog's Hand


You were on level 8 of the Dungeon.
You worshipped Trog.
Trog was most pleased with you.
You visited 1 branch of the dungeon, and saw 8 of its levels.
You also visited: Ossuary.

You collected 525 gold pieces.

Inventory:

Hand Weapons
 p - a +1 morningstar of flaming
 H - a +5 dire flail
 L - a +0 war axe of freezing (weapon)
Missiles
 k - 6 poisoned darts (quivered)
 o - 5 throwing nets
 I - 6 curare-tipped darts
Armour
 a - a +0 cloak (worn)
 b - a +0 animal skin
 c - a +0 scale mail
 f - a +0 chain mail (worn)
 B - a +1 pair of gloves (worn)
Jewellery
 g - an amulet of magic regeneration (around neck)
 i - a ring of protection from cold
 n - a +6 ring of dexterity (left hand)
 r - an amulet of faith
 s - a +4 ring of evasion (right hand)
 K - a ring of see invisible
Wands
 J - a wand of paralysis (21)
 N - a wand of flame (20)
Scrolls
 e - a scroll of noise {unknown}
 h - 2 scrolls of silence {unknown}
 m - 2 scrolls of enchant armour
 t - a scroll of magic mapping {unknown}
 u - a scroll of fear {unknown}
 y - 2 scrolls of teleportation
 A - a scroll of poison
 C - 2 scrolls of immolation
 D - a scroll of brand weapon {unknown}
 G - a scroll of enchant weapon {unknown}
 M - a scroll of butterflies {unknown}
Potions
 d - a potion of cancellation {unknown}
 j - 4 potions of curing
 l - 3 potions of mutation {unknown}
 q - a potion of haste {unknown}
 v - a potion of lignification {unknown}
 w - 2 potions of might {unknown}
 x - 2 potions of degeneration {unknown}
 z - 4 potions of attraction
 F - 4 potions of magic


   Skills:
 - Level 4.2 Fighting
 + Level 17.1 Axes
 - Level 3.4 Armour
 - Level 3.0 Dodging


You had 9 spell levels left.
You didn't know any spells.
Your spell library was empty.

Dungeon Overview and Level Annotations

Branches:
Dungeon (8/15)             Temple (0/1) D:7         Ossuary (visited)
   Lair: D:8-11

Altars:
Cheibriados
Elyvilon
Fedhas
Gozag
Hepliaklqana
Makhleb
Nemelex Xobeh
Qazlal
Sif Muna
Vehumet
Wu Jian
Yredelemnul

Annotations:
D:8 exclusion: statue


Innate Abilities, Weirdness & Mutations

You have a pair of horns on your head.
You reflexively headbutt those who attack you in melee.


Message History

You destroy the vampire mosquito!
Trog accepts your kill. The orc priest misses you.
You hit the orc wizard but do no damage.
The orc priest closely misses you.
You slash the boulder beetle! You freeze the boulder beetle.
You headbutt the boulder beetle, but do no damage.
The boulder beetle is almost dead.
You hear a shout!
The orc priest hits you from afar with the +0 bardiche "Beetlebane" {vorpal, *Rage rCorr Int-5 Dex+5}!
* * * LOW HITPOINT WARNING * * *
x2 The orc priest misses you.
You feel much better.
The orc priest hits you from afar with the +0 bardiche "Beetlebane" {vorpal, *Rage rCorr Int-5 Dex+5}!
* * * LOW HITPOINT WARNING * * *
The boulder beetle leaps!
The orc priest hits you from afar with the +0 bardiche "Beetlebane" {vorpal, *Rage rCorr Int-5 Dex+5}.
* * * LOW HITPOINT WARNING * * *
x2 You feel better.
The orc priest misses you. The orc priest barely misses you.
You hit the orc wizard. You freeze the orc wizard.
The orc wizard is moderately wounded.
The orc priest misses you. The orc wizard barely misses you.
You furiously retaliate!
You headbutt the orc wizard!
You kill the orc wizard!
Trog accepts your kill.
Trog appreciates your killing of a magic user.
The orc priest hits you but does no damage.
A centaur warrior comes into view. It is wielding a staff of cold.
Found a robe.
The centaur warrior shouts!
The orc priest barely misses you. The orc barely misses you.
You furiously retaliate!
You headbutt the orc. The orc priest misses you.
Things that are here:
a +4 mace of protection; a +3 leather armour of fire resistance; an orc corpse
Okay, then.
As you read the scroll labelled DOOGHONKIM, it crumbles to dust.
You feel strangely unstable.
It was a scroll of teleportation.
The orc priest hits you with the +0 bardiche "Beetlebane" {vorpal, *Rage rCorr Int-5 Dex+5}!!
* * * LOW HITPOINT WARNING * * *
You die...

.....#.....# #.#..##.........
.....#.#.#.# .# #..#..#.#.......
.....#.....# .[ ##..#)#.#.......
.....#.....# . ##†..#.........
.....###.#####.# ##.###.#.......
.....#.....#..#. ##.## #.....))..
.....#.....# .Bo##.#.# #.....))..
.....#..#..# #c#.###.##.......##
.....#.....# #.@## #.#.........
.....#.....##..o## ##.........
.....###.###############.........
.................................
.................................
###.######...............#.......
.........................#.......
###'##...................#.......
..............##...#######.......


You could see a boulder beetle, a centaur warrior, an orc priest (berserk) and
an orc.

Vanquished Creatures
  A troll (D:6)
  Grinder (D:4)
  2 wyverns (D:8)
  A steam dragon (D:8)
  2 vampire mosquitoes (D:8)
  Menkaure (D:4)
  An orc warrior (D:8)
  2 ice beasts (D:8)
  A black bear (D:6)
  A sky beast (D:6)
  2 ogres
  A centaur (D:7)
  A phantom (D:6)
  4 elf zombies (Ossuary)
  A kobold brigand (D:8)
  4 bullfrogs
  2 necrophages
  14 wights
  4 killer bees (D:7)
  A howler monkey (D:6)
  4 centaur zombies (Ossuary)
  4 human zombies (Ossuary)
  2 gnoll boudas (D:8)
  2 hounds
  2 jellies
  Crazy Yiuf (D:7)
  3 orc priests
  2 iguanas
  2 orc wizards (D:8)
  3 mummies (Ossuary)
  8 gnolls
  4 adders
  2 worms
  3 dart slugs
  16 orcs
  8 bats
  9 endoplasms
  6 giant cockroaches
  6 goblins
  10 hobgoblins
  5 jackals
  6 kobolds
  2 quokkas (D:1)
  5 ball pythons
  4 frilled lizards (D:1)
  7 rats
173 creatures vanquished.

Vanquished Creatures (others)
  9 plants (D:3)
9 creatures vanquished.

Grand Total: 182 creatures vanquished

Notes
Turn   | Place    | Note
-------+----------+-------------------------------------------
     0 | D:1      | cheesebisquit the Minotaur Berserker began the quest for
                  | the Orb.
     0 | D:1      | Reached XP level 1. HP: 19/19 MP: 0/0
   212 | D:1      | Reached XP level 2. HP: 22/27 MP: 1/1
   381 | D:1      | Reached skill level 4 in Axes
   573 | D:1      | Reached ** piety under Trog
   574 | D:1      | Reached XP level 3. HP: 33/33 MP: 2/2
  1341 | D:2      | Found a faded altar of an unknown god.
  1617 | D:2      | Reached XP level 4. HP: 38/40 MP: 3/3
  1831 | D:3      | Reached skill level 5 in Axes
  1901 | D:3      | Found an opulent altar of Gozag.
  2458 | D:3      | Reached XP level 5. HP: 43/46 MP: 4/4
  2537 | D:3      | Reached skill level 6 in Axes
  3010 | D:4      | Found an ornate altar of the Wu Jian Council.
  3105 | D:4      | Noticed Grinder
  3112 | D:4      | Killed Grinder
  3113 | D:4      | Reached skill level 7 in Axes
  3113 | D:4      | Reached XP level 6. HP: 52/52 MP: 5/5
  3190 | D:4      | Reached skill level 8 in Axes
  3292 | D:4      | Found a white marble altar of Elyvilon.
  3293 | D:4      | Noticed Menkaure
  3299 | D:4      | Killed Menkaure
  3300 | D:4      | Reached XP level 7. HP: 59/59 MP: 6/6
  3573 | D:4      | Found a snail-covered altar of Cheibriados.
  3794 | D:5      | Entered Level 5 of the Dungeon
  3885 | D:5      | Found a sand-covered staircase.
  3890 | Ossuary  | Entered an ossuary
  3904 | Ossuary  | Reached skill level 9 in Axes
  3985 | Ossuary  | Reached skill level 10 in Axes
  3994 | Ossuary  | Reached *** piety under Trog
  4072 | Ossuary  | Reached skill level 11 in Axes
  4072 | Ossuary  | Reached XP level 8. HP: 46/66 MP: 7/7
  4262 | D:5      | Found a blossoming altar of Fedhas.
  4266 | D:5      | Found a sparkling altar of Nemelex Xobeh.
  4882 | D:6      | Reached skill level 12 in Axes
  4920 | D:6      | Found a burning altar of Makhleb.
  5535 | D:6      | Noticed a troll
  5545 | D:6      | Killed a troll
  5546 | D:6      | Reached skill level 13 in Axes
  5726 | D:6      | Found a shimmering blue altar of Sif Muna.
  5840 | D:6      | Reached XP level 9. HP: 51/71 MP: 8/8
  6493 | D:7      | Found a staircase to the Ecumenical Temple.
  6500 | D:7      | Reached skill level 14 in Axes
  6564 | D:7      | Found a stormy altar of Qazlal.
  6564 | D:7      | Found a hazy altar of Hepliaklqana.
  6565 | D:7      | Found a basalt altar of Yredelemnul.
  7425 | D:7      | Found a runed translucent door.
  7426 | D:7      | Noticed Crazy Yiuf
  7568 | D:7      | Killed Crazy Yiuf
  7616 | D:8      | Reached skill level 15 in Axes
  7827 | D:8      | Found a radiant altar of Vehumet.
  8076 | D:8      | Reached skill level 16 in Axes
  8755 | D:8      | Reached XP level 10. HP: 79/79 MP: 9/9
  8837 | D:8      | Reached skill level 17 in Axes
  8860 | D:8      | Noticed a boulder beetle
  8876 | D:8      | Identified the +0 bardiche "Beetlebane" {vorpal, *Rage
                  | rCorr Int-5 Dex+5}
  8893 | D:8      | Noticed a centaur warrior
  8894 | D:8      | HP: 2/79 [orc priest/the +0 bardiche "Beetlebane" {vorpal,
                  | *Rage rCorr Int-5 Dex+5} (24)]
  8894 | D:8      | Slain by an orc priest

Illustrated notes

Levels and vault maps discovered:
D:1:      heliophobic_arrival_dark_side_of_the_moon, layout_basic
D:2:      layout_loops_ring, chequers_ecumenical_altar_simple
D:3:      layout_basic, mainiacjoe_overflow_paths, kennysheep_pointless_box,
          minivault_19, minmay_misc_feat_cross, serial_bayou_ford_a
D:4:      layout_basic, mainiacjoe_overflow_tiny_flanked,
          mainiacjoe_overflow_surrounded_room, nicolae_wu_jian_wuxing_cycle,
          uniq_grinder, uniq_menkaure
D:5:      layout_basic, nemelex_xobeh_ov_fountains_minmay, lemuel_crystal_altar,
          lightli_ossuary_entry_decrepit_ruins
D:6:      layout_layer_cave, old_standard_altar, kennysheep_mini_moat,
          corner_web_ring
D:7:      layout_cave_pods, gammafunk_temple_overflow_claw,
          minmay_temple_entry_waves, minmay_misc_feat_enclosed,
          uniq_crazy_yiuf_cottage
D:8:      minmay_the_grid_square_5x5_3x3 [minmay_the_grid_square_5x5_one_wall,
          minmay_the_grid_square_5x5_two_walls_b,
          minmay_the_grid_square_5x5_tie, minmay_the_grid_square_5x5_misaligned,
          minmay_the_grid_square_5x5_megaprize_crossed,
          minmay_the_grid_square_5x5_eight_small,
          minmay_the_grid_square_5x5_minimal,
          minmay_the_grid_square_5x5_hollow_slash,
          minmay_the_grid_square_5x5_beaten_path], layout_basic, vehumet_statue,
          uniq_psyche

Skill      XL: |  1  2  3  4  5  6  7  8  9 10 |
---------------+-------------------------------+-----
Axes           | 4 5 7 8 11 13 16 17 | 17.1
Fighting       | 4 |  4.2
Armour         | 3 |  3.4
Dodging        | 3 |  3.0

Action                   |  1- 3 |  4- 6 |  7- 9 | 10-12 || total
-------------------------+-------+-------+-------+-------++-------
Melee: Hand axe          |    96 |    54 |       |       ||   150
       Headbutt          |    20 |    14 |    51 |    10 ||    95
       Punch             |       |     1 |     4 |       ||     5
       War axe           |       |    16 |   235 |    37 ||   288
Invok: Berserk           |     1 |     3 |     4 |     1 ||     9
       Trog's Hand       |       |     2 |     3 |     1 ||     6
  Use: Scroll            |       |       |     8 |     1 ||     9
       Potion            |       |       |       |     4 ||     4
Armor: Animal skin       |     6 |       |       |       ||     6
       Scale mail        |    43 |    21 |    66 |       ||   130
       Chain mail        |       |       |    24 |    11 ||    35
Dodge: Dodged            |    78 |    48 |   191 |    46 ||   363
